 Dungeon Crawl Stone Soup version 0.27-a0-341-g40fdf68bc5 (webtiles) character file.

Game seed: 2193198384278300826

140 Raphroland the Skirmisher (level 5, -5/42 HPs)
             Began as a Human Berserker on Feb 14, 2021.
             Was a Priest of Trog.
             Slain by Natasha (7 damage)
             ... on level 3 of the Dungeon.
             The game lasted 00:14:35 (2571 turns).

Raphroland the Skirmisher (Human Berserker)         Turns: 2571, Time: 00:14:35

Health: -5/42      AC:  7    Str: 17    XL:     5   Next: 46%
Magic:  5/5        EV: 10    Int:  8    God:    Trog [***...]
Gold:   159        SH:  0    Dex: 13    Spells: 4/4 levels left

rFire    . . .     SeeInvis .   b - +2 dagger (speed)
rCold    . . .     Faith    .   (no shield)
rNeg     . . .     Spirit   .   g - +0 scale mail
rPois    .         Reflect  .   e - +1 hat
rElec    .         Harm     .   d - scarf {repulsion}
rCorr    .         Rampage  .   (no gloves)
Will     .....                  (no boots)
Stlth    ..........             (no amulet)
HPRegen  0.14/turn              (no ring)
MPRegen  0.09/turn              (no ring)

@: repel missiles
A: no striking features
a: Renounce Religion, Berserk, Trog's Hand


You were on level 3 of the Dungeon.
You worshipped Trog.
Trog was most pleased with you.
You visited 1 branch of the dungeon, and saw 3 of its levels.

You collected 159 gold pieces.

Inventory:

Hand Weapons
 b - a +2 dagger of speed (weapon)
Armour
 d - a scarf of repulsion (worn)
 e - a +1 hat (worn)
 g - a +0 scale mail (worn)
Scrolls
 c - a scroll of amnesia {unknown}
 f - a scroll of enchant armour {unknown}
 h - 5 scrolls of identify {unknown}
 i - 2 scrolls of teleportation {unknown}
 l - 3 scrolls of immolation {unknown}
Potions
 a - 2 potions of flight {unknown}
 j - a potion of degeneration {unknown}
 k - a potion of curing


   Skills:
 + Level 3.9 Fighting
 + Level 1.3 Short Blades
 + Level 3.8 Polearms
 + Level 3.1 Armour
 + Level 2.4 Dodging
 + Level 0.3 Stealth


You had 4 spell levels left.
You didn't know any spells.
Your spell library was empty.

Dungeon Overview and Level Annotations

Branches:
Dungeon (3/15)

Altars:

Annotations:
D:3 Natasha


Message History

Natasha stares at you and mumbles some strange words.
The magic dart hits you but does no damage.
You barely miss Natasha.
Natasha is heavily wounded.
You hit Natasha but do no damage.
Natasha is heavily wounded.
Natasha claws you but does no damage.
A kobold comes into view. It is wielding a +0 mace.
You closely miss Natasha.
Natasha is heavily wounded.
The kobold shouts!
Natasha closely misses you.
You hit Natasha.
Natasha is severely wounded.
Natasha stares at you and mumbles some strange words.
The magic dart hits you.
* * * LOW HITPOINT WARNING * * *
You barely miss Natasha.
Natasha is severely wounded.
You closely miss Natasha.
Natasha is severely wounded.
Natasha mumbles some strange words.
You feel troubled. Natasha claws you.
* * * LOW HITPOINT WARNING * * *
You closely miss Natasha.
Natasha is severely wounded.
You hit Natasha.
Natasha is severely wounded.
Natasha barely misses you.
You closely miss Natasha.
Natasha is severely wounded.
Natasha claws you.
* * * LOW HITPOINT WARNING * * *
You closely miss Natasha.
Natasha is severely wounded.
You hit Natasha.
Natasha is almost dead.
Natasha claws you!
You die...

#.......# #.. #.......##
##.. .######........
###... ..g..........#
...... #......# ###..
#g.....#######....
#o5.............##
##h###.####........
#.@###..####.......
###.........>.)###.##
####.K..####...†..###.#
.....#..# ##...#####..#
..##....###..#.###...##
#.##.##........#.....###
.................†......
...........#####.....###
........##..###>........


You could see Natasha, a crimson imp (summoned), an orc, a goblin and a kobold.

Vanquished Creatures
  Natasha (D:3)
  4 adders
  2 worms
  2 dart slugs
  2 leopard geckos (D:1)
  An orc (D:3)
  9 bats
  4 giant cockroaches (D:2)
  10 goblins
  6 hobgoblins
  A quokka (D:2)
  7 frilled lizards
  10 kobolds
  7 rats
66 creatures vanquished.

Notes
Turn   | Place    | Note
-------+----------+-------------------------------------------
     0 | D:1      | Raphroland the Human Berserker began the quest for the Orb.
     0 | D:1      | Reached XP level 1. HP: 18/18 MP: 1/1
   252 | D:1      | Reached XP level 2. HP: 21/24 MP: 2/2
   943 | D:1      | Reached XP level 3. HP: 28/29 MP: 3/3
  1359 | D:2      | Reached XP level 4. HP: 30/35 MP: 4/4
  1392 | D:2      | Reached ** piety under Trog
  2307 | D:3      | Noticed Natasha
  2320 | D:3      | Killed Natasha
  2321 | D:3      | Reached XP level 5. HP: 37/42 MP: 5/5
  2333 | D:3      | Reached skill level 1 in Short Blades
  2522 | D:3      | Reached *** piety under Trog
  2538 | D:3      | Noticed Natasha
  2569 | D:3      | HP: 2/42 [Natasha (5)]
  2571 | D:3      | Slain by Natasha

Illustrated notes

Levels and vault maps discovered:
D:1:      lemuel_arrival_behind_the_door_large, layout_loops_corners
D:2:      layout_rooms, serial_bayou_pond_e, hangedman_decor_push, minmay_puff
D:3:      layout_rooms, overflow_temple_1_default, uniq_natasha

Skill      XL: |  1  2  3  4  5 |
---------------+----------------+-----
Armour         | 3 |  3.1
Short Blades   | 1 |  1.3
Fighting       | |  3.9
Polearms       | |  3.8
Dodging        | |  2.4
Stealth        | |  0.3

Action                   |  1- 3 |  4- 6 || total
-------------------------+-------+-------++-------
Melee: Spear             |   113 |    34 ||   147
       Dagger            |       |   172 ||   172
  Use: Potion            |     1 |     1 ||     2
Armor: Animal skin       |    22 |       ||    22
       Scale mail        |    44 |    82 ||   126
Dodge: Dodged            |    72 |    97 ||   169
       Repelled          |       |     1 ||     1

Table legend: (Time is in decaauts)
 A = Elapsed time spent in this place.
 B = Non-inter-level travel time spent in this place.
 C = Inter-level travel time spent in this place.
 D = Time resting spent in this place.
 E = Time spent auto-exploring this place.
 F = Levels seen in this place.
 G = Mean time per level.
                   A        B        C        D        E       F      G
               +--------+--------+--------+--------+--------+-----+--------+
         Total |   2507 |   2507 |      0 |      0 |      0 |   3 |  835.7 |
       Dungeon |   2507 |   2507 |      0 |      0 |      0 |   3 |  835.7 |
               +--------+--------+--------+--------+--------+-----+--------+

Top non-repeatable levels by time:
     D:1: 1168 daAuts
     D:2: 1101 daAuts
     D:3: 237 daAuts
